Map: Ever Dream LE

Players

angleshooter

  • Race: Protoss Protoss
  • League: Platinum
  • Spawn Location: 7:00

A.I. 1 (Very Easy) - Winner!

  • Race: Terran Terran
  • Spawn Location: 1:00

VOD

Have the link to the VOD?

Description

Time

  • Played on: May 23, 2020, 4:07 p.m.
  • Length: 4:21
Show
View Real Time Build Order
Export as new Build Order

angleshooter Protoss 

Build Orders: 1 Gate Expand 

Get SALT Encoding   

  12  0:00  Probe  
  13  0:12  Probe  
  14  0:17  Pylon  
  14  0:24  Probe (Chrono Boost)  
  15  0:37  Gateway, Probe (Chrono Boost)  
  16  0:44  Assimilator  
  16  0:45  Probe (Chrono Boost)  
  17  0:54  Probe  
  18  1:06  Probe  
  19  1:18  Probe  
  20  1:25  Cybernetics Core  
  20  1:36  Nexus  
  20  1:38  Probe  
  21  1:44  Pylon  
  21  1:50  Probe  
  22  1:55  Assimilator  
  22  2:00  Adept (Chrono Boost)  
  24  2:09  Twilight Council  
  24  2:12  Probe  
  25  2:22  Stalker  
  25  2:24  Probe  
  25  2:29  Warp Gate  
  28  2:36  Probe  
  29  2:41  Charge (Chrono Boost)  
  29  2:49  Probe  
  30  2:55  Stalker  
  30  2:56  Probe  
  33  3:01  Probe  
  34  3:07  Gateway  
  34  3:08  Probe  
  35  3:13  Probe  
  36  3:20  Pylon, Probe  
  36  3:25  Sentry, Probe  
  40  3:33  Forge  
  40  3:34  Probe  
  41  3:43  Stargate  
  41  3:45  Probe  
  42  3:48  Shield Battery  
  42  3:50  Assimilator  
  42  3:51  Probe  
  43  3:57  Probe  
  44  4:03  Gateway  
  44  4:07  Photon Cannon  
  44  4:09  Probe  
  45  4:13  Pylon  
  45  4:17  Assimilator  
Show
View Real Time Build Order
Export as new Build Order

A.I. 1 (Very Easy) Terran - Winner!

Build Orders: Reaper Expand 

Get SALT Encoding   

  12  0:00  SCV  
  13  0:13  SCV  
  14  0:18  Supply Depot  
  14  0:41  Barracks  
  14  1:02  Command Center  
  14  1:27  Marine  
  14  1:30  Supply Depot, Orbital Command  
  15  1:35  Refinery  
  15  1:46  Refinery  
  15  1:56  SCV  
  16  2:08  SCV  
  16  2:14  SCV  
  16  2:15  Reaper  
  19  2:21  SCV  
  20  2:28  SCV  
  21  2:35  SCV  
  22  2:42  SCV  
  23  2:48  Refinery  
  23  2:49  SCV  
  24  2:56  SCV  
  25  3:02  Marine  
  25  3:04  SCV  
  27  3:11  SCV  
  28  3:18  SCV  
  28  3:19  Factory  
  29  3:40  Refinery  
  28  3:42  SCV  
  29  3:49  Marine  
  29  3:50  SCV  
  31  3:57  SCV  
  31  3:58  Supply Depot  
  32  4:04  SCV  
  32  4:08  Barracks Tech Lab, Starport  
Tags
 
Add a new tag
Caveats
  • Supply blocks, unpowered buildings, or Contaminate may cause inaccurate times.
  • Supply counts are checked every 10 seconds.